 Dungeon Crawl Stone Soup version 0.20.1-1-g8b1a95d (webtiles) character file.

139 letownia2 the Grave Robber (level 5, -12/42 HPs)
             Began as a Deep Dwarf Necromancer on Dec 16, 2017.
             Mangled by an ogre
             ... wielding a cursed +0 giant club
              (18 damage)
             ... on level 4 of the Dungeon.
             The game lasted 00:04:04 (998 turns).

letownia2 the Grave Robber (Deep Dwarf Necromancer)  Turns: 998, Time: 00:04:05

Health: -12/42     AC:  5    Str: 12    XL:     5   Next: 1%
Magic:  4/8        EV: 11    Int: 16    God:
Gold:   49         SH:  0    Dex: 13    Spells: 4/8 levels left

rFire    . . .     SeeInvis .   (no weapon)
rCold    . . .     Gourm    .   (no shield)
rNeg     . . .     Faith    .   e - +0 ring mail
rPois    .         Spirit   .   (no helmet)
rElec    .         Reflect  .   (no cloak)
rCorr    .         Harm     .   (no gloves)
MR       .....                  (no boots)
Stlth    +.........             (no amulet)
Regen    0.0/turn               (no ring)
MPRegen  0.2/turn               (no ring)

@: lethally poisoned (-12 -> -12), non-regenerating
A: damage resistance, heal wounds, sense surroundings 1, no regeneration
a: Heal Wounds


You were on level 4 of the Dungeon.
You were not hungry.

You visited 1 branch of the dungeon, and saw 4 of its levels.

You collected 49 gold pieces.

Inventory:

Hand Weapons
 h - a +0 hand axe
Armour
 a - a +0 robe
 e - a +0 ring mail (worn)
Wands
 d - a wand of flame (0/48)
Scrolls
 f - a scroll of enchant weapon {unknown}
Potions
 g - a potion of heal wounds {unknown}
Books
 b - a book of Necromancy

   Spells                             Type                      Level
   a - Pain                           Necromancy                   1
   b - Animate Skeleton               Necromancy                   1
   c - Vampiric Draining              Necromancy                   3
   d - Regeneration                   Charms/Necromancy            3
   e - Animate Dead                   Necromancy                   4
   f - Control Undead                 Necromancy                   4
Comestibles
 c - a bread ration
 i - a chunk of flesh


   Skills:
 - Level 2.1 Dodging
 - Level 2.4 Stealth
 - Level 2.2 Spellcasting
 + Level 6.7 Necromancy


You had 4 spell levels left.
You knew the following spells:

 Your Spells              Type           Power        Failure   Level  Hunger
a - Pain                  Necr           ###.         3%          1    #......
v - Vampiric Draining     Necr           ###.......   9%          3    ###....


Dungeon Overview and Level Annotations

Branches:
Dungeon (4/15)
 Temple: D:4-7

Altars:

Shops:
D:4 }

Annotations:
D:3 Quirk's ghost, amateur GrFi


Innate Abilities, Weirdness & Mutations

You are resistant to damage.
You can heal yourself by infusing magical energy.
You passively map a small area around you.
You do not regenerate.


Message History

The ogre hits you with a giant club!
* * * LOW HITPOINT WARNING * * *
The orc hits you but does no damage.
Found 22 bolts.
You see here a wand of iceblast (?/15).
The adder misses you.
Casting: Vampiric Draining
Confirm with . or Enter, or press ? or * to list all spells.
Aiming: Vampiric Draining
Press: ? - help, Shift-Dir - straight line, f - adder
Aim: an adder The adder is almost dead.
You feel life coursing into your body. The adder bites you but does no damage.
Unknown command.
Unknown command.
The adder bites you but does no damage. The adder barely misses you.
Found 5 gold pieces.
The ogre hits you with a giant club!!
You die...

, * , , *..
, * * , $#
,, * * * ..
* ,, #. * ,
#.## , ..#
,,, , ##.#
##.@## , ,
##.OS.## ,
##.(....#
##..o....#
##......##.#
* ##.....###
...,
##....###
*...,
##....##
*#... ,
##...### ...


You could see an ogre, an adder and an orc.

Vanquished Creatures
  A howler monkey (D:4)
  An orc priest (D:4)
  A bullfrog skeleton (D:4)
  A worker ant (D:4)
  An ooze (D:1)
  2 leopard geckos
  An orc (D:3)
  A goblin (D:3)
  A hobgoblin (D:1)
  A ball python (D:4)
  A bat (D:3)
  A frilled lizard (D:2)
  2 rats
15 creatures vanquished.

Notes
Turn   | Place    | Note
-------+----------+-------------------------------------------
     0 | D:1      | letownia2 the Deep Dwarf Necromancer began the quest for the Orb.
     0 | D:1      | Reached XP level 1. HP: 15/15 MP: 3/3
   175 | D:3      | Reached XP level 2. HP: 19/22 MP: 3/5
   228 | D:3      | Noticed Quirk's ghost (amateur GrFi)
   367 | D:3      | Found a faded altar of an unknown god.
   438 | D:4      | Found Goberauvi's Gadget Boutique.
   681 | D:4      | Reached skill level 5 in Necromancy
   681 | D:4      | Reached XP level 3. HP: 16/28 MP: 6/6
   686 | D:4      | Learned a level 3 spell: Vampiric Draining
   816 | D:4      | Reached XP level 4. HP: 14/36 MP: 0/7
   902 | D:4      | Reached skill level 6 in Necromancy
   940 | D:4      | Reached XP level 5. HP: 10/42 MP: 1/8
   965 | D:4      | Noticed an ogre
   986 | D:4      | HP: 1/42 [ogre/giant club (12)]
   998 | D:4      | Mangled by an ogre

Skill      XL: |  1  2  3  4 |
---------------+-------------+-----
Spellcasting   | 2 |  2.2
Necromancy     | 5 6 |  6.7
Dodging        | |  2.1
Stealth        | |  2.4

Action                   |  1- 3 |  4- 6 || total
-------------------------+-------+-------++-------
Melee: Unarmed           |    13 |       ||    13
 Cast: Pain              |    29 |     4 ||    33
       Vampiric Draining |       |     3 ||     3
Evoke: Wand              |     5 |       ||     5
  Eat: Chunk             |       |     1 ||     1
Armor: Robe              |    17 |       ||    17
       Ring mail         |     1 |     4 ||     5
Dodge: Dodged            |    76 |     3 ||    79
